[Event "Titled Tuesday Blitz May 31 Late 2022"]
[White "Vusatiuk, Vladimir"]
[Black "Wang, Michael"]
[WhiteFideId "14118610"]
[BlackFideId "2079186"]
[WhiteElo "2157"]
[BlackElo "2218"]
[Result "0-1"]
[Round "06"]
[TimeControl "180+1"]
[Date "2022.06.01"]
[WhiteClock "0:00:08"]
[BlackClock "0:00:11"]

1. d4 d5 2. c4 dxc4 3. e4 Nf6 4. e5 Nd5 5. Bxc4 Nb6 6. Bb3 Nc6 7. Be3 Bf5 8. Nc3 e6 9. Nf3 Qd7 10. Nh4 Bg6 11. O-O O-O-O 12. Nxg6 hxg6 13. Ne2 Be7 14. a4 Na5 15. Bc2 Nac4 16. Be4 f5 17. exf6 gxf6 18. Qb3 f5 19. Bf3 a5 20. Rac1 g5 21. Rxc4 g4 22. Qxb6 gxf3 23. Qa7 Qd5 24. Nf4 Qxc4 25. Rc1 Qa6 26. Qxa6 bxa6 27. Nxe6 Rd7 28. gxf3 Bd6 29. f4 Rh4 30. d5 Bb4 31. Rc6 Rhh7 32. Rxa6 Rxd5 33. Ra8+ Kb7 34. Rf8 Bxf8 35. Nxf8 Rg7+ 36. Kf1 Rd6 37. Bc5 Rc6 38. Ba3 Kc8 39. h4 Rg8 40. h5 Rf6 41. Ng6 Rfxg6 42. hxg6 Rxg6 43. Ke2 Rb6 44. Kd3 Kd7 45. Kc4 Kc6 46. b3 Rb8 47. Bc5 Re8 48. Be3 Re4+ 49. Kd3 Kd5 50. Bd2 Rd4+ 51. Ke3 Re4+ 52. Kd3 Kc5 53. Bxa5 Rxf4 54. Be1 Rf3+ 55. Kc2 Rh3 56. a5 Kb5 57. Bd2 c5 58. Kd1 Rh2 59. Ke2 Rh3 60. f3 Rh2+ 61. Kd3 Rh3 62. Ke2 Rh7 63. Ke3 Rd7 64. Bc3 Rd5 65. Ke2 c4 66. bxc4+ Kxc4 67. Bd2 Kb3 68. Ke3 Kc2 69. Bb4 Rb5 70. Be1 Kd1 71. Bc3 Rb3 72. Kd3 Kc1 73. Kc4 Kc2 74. a6 Rxc3+ 75. Kb4 Rb3+ 76. Ka4 Rb1 77. Ka5 Kd3 78. a7 Ke3 79. Ka6 Ra1+ 80. Kb7 Rxa7+ 81. Kxa7 Kxf3 82. Kb6 Ke2 83. Kc5 f4 84. Kd4 f3 85. Kc3 f2 86. Kc2 f1=Q 0-1


[Site "https://www.chess.com"]

[Event "Titled Tuesday Blitz May 31 Late 2022"]
[White "Vypkhaniuk, Ihor"]
[Black "Lomaia, Diana"]
[WhiteFideId "14112256"]
[BlackFideId "13612476"]
[WhiteElo "2346"]
[BlackElo "1744"]
[Result "1/2-1/2"]
[Round "06"]
[TimeControl "180+1"]
[Date "2022.06.01"]
[WhiteClock "0:00:03"]
[BlackClock "0:00:08"]

1. d4 Nf6 2. c4 g6 3. Nc3 d5 4. cxd5 Nxd5 5. g3 Bg7 6. Bg2 c6 7. e4 Nxc3 8. bxc3 O-O 9. Ne2 c5 10. O-O cxd4 11. cxd4 Nc6 12. Be3 Na5 13. Rc1 b5 14. d5 Nc4 15. Bd4 e5 16. Bc5 Re8 17. Rb1 Bd7 18. f3 Qc7 19. Bf2 a5 20. Qd3 Rac8 21. Rfc1 Qd6 22. a4 Na3 23. Ra1 b4 24. Qd1 f5 25. Bh3 Bh6 26. Rxc8 Rxc8 27. exf5 gxf5 28. Qd3 e4 29. Qb3 Bg7 30. Bd4 Bxd4+ 31. Nxd4 Qc5 32. Qe3 Qxd5 33. fxe4 Qe5 34. Rf1 Rf8 35. Qg5+ Kh8 36. Nxf5 b3 37. Qe3 Be6 38. Qb6 Qxe4 39. Qc5 Rc8 40. Qxa3 Bd5 41. Qe7 Qh1+ 42. Kf2 Qf3+ 43. Kg1 Qh1+ 44. Kf2 Qf3+ 45. Kg1 Qh1+ 1/2-1/2


[Site "https://www.chess.com"]

[Event "Titled Tuesday Blitz May 31 Late 2022"]
[White "Wieczorek, Oskar"]
[Black "Golubev, Mikhail"]
[WhiteFideId "1133950"]
[BlackFideId "14100983"]
[WhiteElo "2330"]
[BlackElo "2374"]
[Result "1-0"]
[Round "06"]
[TimeControl "180+1"]
[Date "2022.05.31"]
[WhiteClock "0:00:08"]
[BlackClock "0:00:02"]

1. e4 c5 2. Nf3 d6 3. d4 Nf6 4. Nc3 cxd4 5. Nxd4 g6 6. Bc4 Bg7 7. O-O O-O 8. Bb3 a6 9. h3 b5 10. Re1 Bb7 11. a4 b4 12. Nd5 Nbd7 13. Nxb4 Qb6 14. c3 Bxe4 15. a5 Qc5 16. f3 e5 17. Be3 exd4 18. Bxd4 Qg5 19. fxe4 Nc5 20. Bd5 Rae8 21. Bc6 Re6 22. e5 Nh5 23. Be3 Qxe5 24. Bd5 Qxe3+ 25. Rxe3 Rxe3 26. Bc6 Nf4 27. Qxd6 Ncd3 28. Nxd3 Nxd3 29. Rf1 Nxb2 30. Bd5 Bxc3 31. Qxa6 Bd4 32. Kh1 Nd3 33. Qb7 Nc5 34. Qc7 Re5 35. Bc4 1-0


[Site "https://www.chess.com"]

[Event "Titled Tuesday Blitz May 31 Late 2022"]
[White "Yurasova, Daria"]
[Black "Akrakan"]
[WhiteFideId "34146919"]
[WhiteElo "2021"]
[BlackElo "2106"]
[Result "1-0"]
[Round "06"]
[TimeControl "180+1"]
[Date "2022.06.01"]
[WhiteClock "0:00:04"]
[BlackClock "0:00:16"]

1. d4 d5 2. Nf3 Nf6 3. c4 e6 4. g3 Be7 5. Bg2 O-O 6. O-O c5 7. dxc5 Bxc5 8. Nc3 h6 9. cxd5 exd5 10. b3 Nc6 11. Bb2 Be6 12. Rc1 Be7 13. Na4 Rc8 14. Nc5 b6 15. Nxe6 fxe6 16. Nd4 Qd6 17. Nxc6 Rxc6 18. Rxc6 Qxc6 19. Qd3 Qd6 20. h3 Nd7 21. e3 Bf6 22. Bxf6 Rxf6 23. Rc1 Nc5 24. Qd4 Rf8 25. e4 Rd8 26. exd5 exd5 27. Rd1 Ne6 28. Qxd5 Qxd5 29. Rxd5 Re8 30. Re5 Kf7 31. Bd5 Kf6 32. Rxe6+ Rxe6 33. Bxe6 Kxe6 34. Kg2 Ke5 35. f4+ Ke4 36. Kf2 g6 37. Ke2 h5 38. h4 a6 39. a3 a5 40. a4 Kd4 41. Kf3 Kc3 42. g4 Kxb3 43. f5 hxg4+ 44. Kxg4 gxf5+ 45. Kxf5 Kxa4 46. h5 b5 47. h6 b4 48. h7 b3 49. h8=Q Ka3 50. Qf8+ Ka2 51. Qf7 a4 52. Ke4 a3 53. Kd3 Kb2 54. Qf2+ Ka1 55. Qe1+ Ka2 56. Qd2+ b2 57. Qc2 Ka1 58. Qc3 a2 59. Kc4 Kb1 60. Qd3+ Ka1 61. Qc3 Kb1 62. Kb3 a1=Q 63. Qe1# 1-0


[Site "https://www.chess.com"]

[Event "Titled Tuesday Blitz May 31 Late 2022"]
[White "Yurovskykh, Oleksandr"]
[Black "Preotu, Razvan"]
[WhiteFideId "14134020"]
[BlackFideId "2613280"]
[WhiteElo "2292"]
[BlackElo "2407"]
[Result "0-1"]
[Round "06"]
[TimeControl "180+1"]
[Date "2022.06.01"]
[WhiteClock "0:01:10"]
[BlackClock "0:00:23"]

1. d4 Nf6 2. Nf3 g6 3. Bg5 Bg7 4. Nbd2 O-O 5. c3 d6 6. e4 c5 7. d5 h6 8. Bh4 e6 9. dxe6 Bxe6 10. Bc4 Bxc4 11. Bxf6 Qxf6 12. Nxc4 Qe6 13. Qd5 Qxd5 14. exd5 Re8+ 15. Kd2 Na6 16. Nxd6 Red8 17. Nb5 Rxd5+ 18. Kc2 c4 19. a4 Rc5 20. Rad1 Nc7 21. Nxc7 Rxc7 22. Rd5 Re8 23. Re1 Rxe1 24. Nxe1 Bf6 25. Nf3 Kf8 26. Nd2 Ke7 27. Rb5 Ke6 28. Rb4 Kd5 29. Rb5+ Ke6 30. h3 Be7 31. Nf3 Bc5 32. Nd4+ Kd6 33. b4 cxb3+ 34. Kxb3 a6 35. Ra5 Bb6 36. Nb5+ axb5 37. Rxb5 Bxf2 38. Rb4 f5 39. g4 Ke5 40. gxf5 gxf5 41. Kc2 Rd7 42. Rb5+ Ke4 43. Rb4+ Ke3 44. Rb5 f4 45. Re5+ Kf3 46. Re6 h5 47. Rg6 Be3 48. Kb3 Ke2 0-1


[Site "https://www.chess.com"]

[Event "Titled Tuesday Blitz May 31 Late 2022"]
[White "Zakarian, David"]
[Black "Barria Zuniga, Daniel"]
[WhiteFideId "13301276"]
[BlackFideId "3400816"]
[WhiteElo "2447"]
[BlackElo "2414"]
[Result "1-0"]
[Round "06"]
[TimeControl "180+1"]
[Date "2022.06.01"]
[WhiteClock "0:00:51"]
[BlackClock "0:00:04"]

1. e4 g6 2. d4 Bg7 3. Nc3 c5 4. Be3 Qa5 5. Nf3 Nf6 6. Bd3 Ng4 7. O-O Nc6 8. d5 Nxe3 9. fxe3 Ne5 10. Nxe5 Bxe5 11. Qd2 O-O 12. Rf2 d6 13. Raf1 Bd7 14. a3 a6 15. h4 b5 16. h5 c4 17. Be2 Rab8 18. hxg6 fxg6 19. Rxf8+ Rxf8 20. Rxf8+ Kxf8 21. Bf1 Kg7 22. Kf2 Qb6 23. Nd1 a5 24. c3 Qd8 25. Kg1 h5 26. Nf2 Qf8 27. a4 bxa4 28. Bxc4 Qf6 29. Qd3 Qh4 30. Bb5 Bxb5 31. Qxb5 Qg3 32. Qe2 a3 33. bxa3 Bxc3 34. a4 Qe5 35. Qf3 Bb4 36. Nh3 Qa1+ 37. Kh2 Bc3 38. Ng5 Be5+ 39. g3 Qb2+ 40. Qg2 Qxg2+ 41. Kxg2 Kf6 42. Ne6 g5 43. Kf3 g4+ 44. Kf2 Kg6 45. Nf4+ Kg5 46. Ne6+ Kf6 47. Nf4 Kg5 48. Ne6+ Kh6 49. Nd8 Kg6 50. Nc6 Bf6 51. Nxa5 h4 52. gxh4 Bxh4+ 53. Kg2 Kf6 54. Nc6 Be1 55. a5 Bxa5 56. Nxa5 Ke5 57. Nc6+ Kxe4 58. Nxe7 Kxe3 59. Kg3 Ke4 60. Kxg4 Ke5 61. Kg5 Ke4 62. Kf6 Kd4 63. Ke6 Kc5 64. Nf5 Kb5 65. Nxd6+ 1-0


[Site "https://www.chess.com"]

[Event "Titled Tuesday Blitz May 31 Late 2022"]
[White "Zaksaite, Salomeja"]
[Black "Koutlas, Nikolaos"]
[WhiteFideId "12801496"]
[BlackFideId "25827138"]
[WhiteElo "1953"]
[BlackElo "1645"]
[Result "1-0"]
[Round "06"]
[TimeControl "180+1"]
[Date "2022.06.01"]
[WhiteClock "0:00:03"]
[BlackClock "0:00:33"]

1. e4 e6 2. d4 d5 3. Nc3 Nf6 4. e5 Nfd7 5. f4 c5 6. Nf3 Nc6 7. Be3 a6 8. Be2 Be7 9. Qd2 b5 10. a3 O-O 11. O-O f5 12. exf6 gxf6 13. f5 cxd4 14. Nxd4 Nxd4 15. Qxd4 Bc5 16. Qg4+ Kh8 17. Bxc5 Nxc5 18. fxe6 Bxe6 19. Qh4 Qe7 20. Rae1 Qg7 21. b4 Nd7 22. Bf3 Ne5 23. Bxd5 Bxd5 24. Nxd5 Rad8 25. Nxf6 Rd2 26. g3 Qb7 27. Qe4 Qxe4 28. Rxe4 Ng6 29. c4 Ra2 30. h4 Rd8 31. Rf2 Rxf2 32. Kxf2 Rf8 33. Re8 bxc4 34. Rxf8+ Nxf8 35. Ke3 Ne6 36. a4 Kg7 37. Ne8+ Kg6 38. b5 axb5 39. axb5 Kf5 40. Nd6+ Kg4 41. Nxc4 Kxg3 42. b6 Nd8 43. h5 Kg4 44. h6 Kg5 45. Nd6 Kxh6 46. Nf7+ Nxf7 47. b7 Kg5 48. b8=Q h5 49. Qg8+ Kf6 50. Kf4 h4 51. Qh7 Ke6 52. Qxh4 Nd6 53. Qh6+ Kd5 54. Qh1+ Kd4 55. Qd1+ Kc5 56. Ke5 Nc4+ 57. Ke4 Nd6+ 58. Ke5 Nc4+ 59. Ke6 Kb4 60. Qd4 Kb5 61. Kd5 Nb6+ 62. Kd6 Nc4+ 63. Kc7 Kb4 64. Kc6 Kb3 65. Kb5 Na3+ 66. Kc5 Nc2 67. Qd3+ Kb2 68. Kc4 Na3+ 69. Kb4 Nc2+ 70. Ka4 Kc1 71. Qb5 Kd2 72. Qd5+ Kc3 73. Qc5+ Kd3 74. Kb3 Ne3 75. Kb2 Ke2 76. Qe5 Kd3 77. Kc1 Ke2 78. Qe4 Kf2 79. Kd2 Nf1+ 80. Kd1 Ne3+ 81. Kd2 Nf1+ 82. Kd3 Kg3 83. Qg6+ Kf2 84. Qf5+ Kg2 85. Qg4+ Ng3 86. Ke3 Kh2 87. Qh4+ Kg2 88. Qg5 Kh2 89. Kf3 Nh1 90. Qh4+ Kg1 91. Qg4+ Kf1 92. Qg2+ Ke1 93. Qe2# 1-0


[Site "https://www.chess.com"]

[Event "Titled Tuesday Blitz May 31 Late 2022"]
[White "Zhigalko, Sergei"]
[Black "Tatarinov, Dmitry"]
[WhiteFideId "13502956"]
[BlackFideId "24160067"]
[WhiteElo "2662"]
[BlackElo "2302"]
[Result "1-0"]
[Round "06"]
[TimeControl "180+1"]
[Date "2022.05.31"]
[WhiteClock "0:00:03"]
[BlackClock "0:00:44"]

1. e4 c6 2. d4 d5 3. e5 Bf5 4. Nf3 e6 5. Be2 Ne7 6. O-O Nd7 7. Nbd2 Ng6 8. Nb3 f6 9. Ne1 fxe5 10. g4 e4 11. gxf5 exf5 12. f4 Bd6 13. Ng2 Qc7 14. Be3 Nf6 15. Kh1 Nf8 16. c4 Ne6 17. cxd5 Nxd5 18. Bc4 g6 19. Bxd5 cxd5 20. Rc1 Qd7 21. Nd2 Kf7 22. Qb3 Bc7 23. Nb1 Bb6 24. Nc3 Rhd8 25. Na4 Bxd4 26. Rfd1 Bxe3 27. Nxe3 d4 28. Nc5 Qe7 29. Nxe6 Qxe6 30. Rc7+ Kf6 31. Qb4 Qd6 32. Qc4 Qe6 33. Qc5 b6 34. Ng4+ fxg4 35. Qg5# 1-0


[Site "https://www.chess.com"]

[Event "Titled Tuesday Blitz May 31 Late 2022"]
[White "Abarca Gonzalez, Nicolas"]
[Black "Ivic, Velimir"]
[WhiteFideId "3409422"]
[BlackFideId "950122"]
[WhiteElo "2504"]
[BlackElo "2610"]
[Result "0-1"]
[Round "07"]
[TimeControl "180+1"]
[Date "2022.05.31"]
[WhiteClock "0:00:16"]
[BlackClock "0:02:09"]

1. e4 c5 2. Nf3 Nc6 3. Bb5 e6 4. Bxc6 bxc6 5. e5 f6 6. O-O fxe5 7. Nxe5 Nf6 8. d4 cxd4 9. Qxd4 Be7 10. c4 c5 11. Qh4 O-O 12. Nc3 Bb7 13. Qh3 Qc8 14. f4 d6 15. Nd3 Ne4 16. Nxe4 Bxe4 17. Nf2 Bf5 18. g4 Bg6 19. Be3 Bf6 20. Rad1 Qc6 21. Qg2 Rfc8 22. b3 a5 23. g5 Be7 24. h4 a4 25. Qxc6 Rxc6 26. Rd2 Rb6 27. bxa4 Rxa4 0-1


[Site "https://www.chess.com"]

[Event "Titled Tuesday Blitz May 31 Late 2022"]
[White "Al-Tarboush, Ward"]
[Black "Buchenau, Frank"]
[WhiteFideId "7601450"]
[BlackFideId "4604350"]
[WhiteElo "2294"]
[BlackElo "2157"]
[Result "0-1"]
[Round "07"]
[TimeControl "180+1"]
[Date "2022.06.01"]
[WhiteClock "0:00:01"]
[BlackClock "0:00:05"]

1. e4 e6 2. d4 d5 3. exd5 exd5 4. Bd3 Bd6 5. Nc3 c6 6. Nge2 Bg4 7. f3 Bh5 8. Be3 Bg6 9. Bxg6 hxg6 10. Qd3 Nd7 11. O-O-O Ne7 12. Kb1 Qc7 13. h4 O-O-O 14. g4 Rde8 15. a3 Nb6 16. Bc1 Nc4 17. h5 gxh5 18. gxh5 Qd7 19. Rdg1 Qf5 20. Rg5 Qh7 21. Rhg1 g6 22. Nf4 gxh5 23. Nxh5 Qxd3 24. cxd3 Nb6 25. Nf6 Ref8 26. R5g4 Nd7 27. Bg5 Rh2 28. Re1 Ng6 29. Nxd7 Kxd7 30. Bf6 Rf2 31. Re3 Re8 32. Rxe8 Kxe8 33. Be5 Bxe5 34. dxe5 Nxe5 35. Rg8+ Kd7 36. d4 Nxf3 37. Rg4 Nd2+ 38. Ka2 Nc4 39. Na4 b5 40. Nc5+ Kd6 41. Rg8 Rxb2+ 42. Ka1 Rd2 43. Nb3 Rd3 44. Ka2 a5 45. Rd8+ Ke7 46. Rc8 Kd7 47. Ra8 Kd6 48. Ra7 a4 49. Nc5 Rxd4 50. Nb7+ Ke5 51. Nc5 Rd2+ 52. Kb1 f5 53. Kc1 Ra2 54. Nd3+ Kd4 55. Nb4 Rh2 56. Nxc6+ Kc3 57. Kd1 Nxa3 58. Rf7 Rf2 59. Ne7 d4 60. Nxf5 Rf1+ 61. Ke2 Rh1 62. Rc7+ Kb4 63. Nxd4 Rh2+ 64. Kd3 Nc4 65. Nc6+ Kb3 66. Nd4+ Kb4 67. Nc6+ Ka3 68. Nd4 Rh3+ 69. Kc2 Ne3+ 70. Kc1 b4 71. Nb5+ Ka2 72. Kd2 Nd5 73. Nd4 b3 74. Kd1 Rh1+ 75. Kd2 Rh2+ 76. Kd3 b2 77. Nc2 b1=Q 78. Kd4 Rxc2 0-1


[Site "https://www.chess.com"]

[Event "Titled Tuesday Blitz May 31 Late 2022"]
[White "Ambartsumova, Karina"]
[Black "Quinones Garcia, Santiago"]
[WhiteFideId "4166299"]
[BlackFideId "4408497"]
[WhiteElo "2262"]
[BlackElo "2216"]
[Result "1-0"]
[Round "07"]
[TimeControl "180+1"]
[Date "2022.06.01"]
[WhiteClock "0:00:26"]
[BlackClock "0:00:06"]

1. e4 e6 2. d4 d5 3. Nc3 Bb4 4. Ne2 dxe4 5. a3 Bxc3+ 6. Nxc3 Nf6 7. Bg5 c5 8. dxc5 Qxd1+ 9. Rxd1 O-O 10. Bxf6 gxf6 11. Nxe4 Kg7 12. Bb5 a6 13. Ba4 b5 14. cxb6 Bb7 15. f3 Bc6 16. Bxc6 Nxc6 17. Rd6 Na5 18. b3 Rfc8 19. Kd2 f5 20. Nc3 Nb7 21. Rd4 Rab8 22. Rd1 Nd8 23. Rd6 Nc6 24. Na4 Ne7 25. Kc1 Nd5 26. Kb2 Kf8 27. Re1 Rd8 28. Rxd8+ Rxd8 29. g3 Rb8 30. Rd1 Ke7 31. c4 Nxb6 32. Nxb6 Rxb6 33. Kc3 h5 34. c5 Rb8 35. Kc4 h4 36. b4 hxg3 37. hxg3 Rg8 38. c6 Rd8 39. Rxd8 Kxd8 40. a4 e5 41. b5 axb5+ 42. axb5 e4 43. Kd4 exf3 44. Ke3 f4+ 45. gxf4 Kc7 46. Kxf3 Kb6 47. Ke4 1-0


[Site "https://www.chess.com"]

[Event "Titled Tuesday Blitz May 31 Late 2022"]
[White "Andreikin, Dmitry"]
[Black "Nakamura, Hikaru"]
[WhiteFideId "4158814"]
[BlackFideId "2016192"]
[WhiteElo "2736"]
[BlackElo "2850"]
[Result "1/2-1/2"]
[Round "07"]
[TimeControl "180+1"]
[Date "2022.05.31"]
[WhiteClock "0:00:05"]
[BlackClock "0:00:20"]

1. d4 Nf6 2. c4 e6 3. Nf3 d5 4. g3 Be7 5. Bg2 O-O 6. O-O dxc4 7. Qc2 b5 8. a4 Bb7 9. axb5 a6 10. bxa6 Nxa6 11. Qxc4 Bd5 12. Qc3 c5 13. Be3 Ne4 14. Qe1 Nb4 15. Rxa8 Qxa8 16. Nc3 Nxc3 17. bxc3 Nc2 18. Qd2 Nxe3 19. Qxe3 cxd4 20. cxd4 Bf6 21. Qf4 Qb8 22. Qg4 g6 23. e3 h5 24. Qf4 Qxf4 25. gxf4 Bxf3 26. Bxf3 Rc8 27. Be4 Rd8 28. Rb1 Rd7 29. Kg2 Kg7 30. Kf3 Bh4 31. Rb5 Be7 32. Kg2 Rc7 33. d5 exd5 34. Bxd5 Rc5 35. Rb7 Rxd5 36. Rxe7 Rd2 37. Ra7 Rb2 38. Ra5 f5 39. Kg3 Re2 40. h3 Kf6 41. Ra6+ Kg7 42. Ra1 Kf6 43. Kf3 Rb2 44. Re1 Ra2 45. Re2 Ra1 46. Kg2 Ra6 47. Rb2 Rc6 48. Kg3 Re6 49. Rb5 Ra6 50. Rb4 Rc6 51. Ra4 Rb6 52. Kh4 Re6 53. Rd4 Ra6 54. Kg3 Ra2 55. Rd8 Re2 56. Rf8+ Ke7 57. Rg8 Kf6 58. Ra8 Rb2 59. Ra6+ Kf7 60. Ra1 Re2 61. Kf3 Rb2 62. Re1 Kf6 63. Re2 Rb1 64. Rd2 Rb6 65. Kg3 Re6 66. Rd3 Ra6 67. f3 Re6 68. Rc3 Re7 69. Rc6+ Kf7 70. Rc3 Re6 71. Kh4 Kf6 72. Ra3 Rb6 73. e4 fxe4 74. fxe4 Re6 75. Ra4 Rb6 76. Rd4 Rb1 77. Rd6+ Kg7 78. f5 gxf5 79. exf5 Rf1 80. Kg5 Rg1+ 81. Kxh5 Rf1 82. Kg4 Rg1+ 83. Kf4 Rf1+ 84. Ke5 Re1+ 85. Kf4 Rf1+ 86. Kg5 Rg1+ 87. Kh5 Rf1 88. Rg6+ Kf7 89. Kg5 Rg1+ 90. Kh6 Rf1 91. Rg5 Kf6 92. h4 Rxf5 93. Rg6+ Kf7 94. Rg7+ Kf8 95. Rg5 Rf7 96. h5 Ra7 97. Rb5 Ra6+ 98. Kh7 Ra7+ 99. Kh8 Ra1 100. Rf5+ Ke7 101. h6 Rg1 102. Ra5 Rg2 103. Ra7+ Kf8 104. Ra8+ Kf7 105. Ra7+ Kf8 106. Rg7 Rh2 107. Kh7 Rf2 108. Rg8+ Kf7 109. Rg7+ Kf8 110. Kg6 Rg2+ 111. Kf6 Rxg7 112. hxg7+ Kg8 113. Kg6 1/2-1/2


[Site "https://www.chess.com"]

[Event "Titled Tuesday Blitz May 31 Late 2022"]
[White "Bettalli, Francesco"]
[Black "Darini, Pouria"]
[WhiteFideId "2816453"]
[BlackFideId "12502200"]
[WhiteElo "2216"]
[BlackElo "2483"]
[Result "1/2-1/2"]
[Round "07"]
[TimeControl "180+1"]
[Date "2022.05.31"]
[WhiteClock "0:01:54"]
[BlackClock "0:00:29"]

1. d4 Nf6 2. Nc3 d5 3. Bf4 a6 4. e3 Bf5 5. f3 c5 6. g4 cxd4 7. exd4 Bg6 8. h4 h6 9. Bd3 Bxd3 10. Qxd3 Nc6 11. Nge2 e6 12. O-O-O Bd6 13. Kb1 Bxf4 14. Nxf4 Qd6 15. Qe3 O-O-O 16. Nd3 Nd7 17. f4 h5 18. g5 Ne7 19. Ne5 Nf5 20. Qd3 Nxe5 21. dxe5 Qb4 22. Ne2 g6 23. Nd4 Nxd4 24. Qxd4 Qxd4 25. Rxd4 Rd7 26. Rhd1 Rc7 27. c3 b6 28. Kc2 Kb7 29. Kd3 Rhc8 30. Rd2 a5 31. Kc2 Ka6 32. Kb3 Rc5 33. a4 Kb7 34. R2d3 R8c7 35. Kc2 Ka6 36. Kb3 Rc4 37. Kc2 b5 38. axb5+ Kxb5 39. b3 Rxd4 40. Rxd4 Ra7 41. Kb2 Ra6 42. Ka3 Rc6 43. Kb2 Rc7 44. Ra4 Rd7 45. Rd4 Rd8 46. Ka3 Rc8 47. Kb2 Ra8 48. Ka3 Ra7 49. Kb2 Rc7 50. Ra4 Rc6 51. Rd4 Kb6 52. Ra4 Rc5 53. Rd4 Rb5 54. Ka3 Kc6 55. Kb2 Rc5 56. Ra4 Kb5 57. Rd4 Rc8 58. Ra4 Ra8 59. Rd4 Ra6 60. Ra4 Rb6 61. Rd4 Rb8 62. Ka3 Rc8 63. Kb2 Rc7 1/2-1/2


[Site "https://www.chess.com"]

[Event "Titled Tuesday Blitz May 31 Late 2022"]
[White "Bibasa, Bob"]
[Black "Kraus, Tomas"]
[WhiteFideId "10000240"]
[BlackFideId "331708"]
[WhiteElo "2032"]
[BlackElo "2389"]
[Result "1-0"]
[Round "07"]
[TimeControl "180+1"]
[Date "2022.06.01"]
[WhiteClock "0:00:08"]
[BlackClock "0:00:16"]

1. e4 c5 2. Nf3 d6 3. d4 cxd4 4. Nxd4 Nf6 5. f3 a6 6. c4 e6 7. Be3 Be7 8. Nc3 O-O 9. Qd2 Nc6 10. Be2 d5 11. cxd5 exd5 12. Nxc6 bxc6 13. e5 Nd7 14. f4 Nc5 15. O-O f5 16. Rac1 Ne6 17. Na4 d4 18. Bf2 c5 19. Bc4 Kh8 20. Bxe6 Bxe6 21. Nxc5 Bxc5 22. Rxc5 Bxa2 23. Qxd4 Qxd4 24. Bxd4 Rfd8 25. Bc3 Rac8 26. Rxc8 Rxc8 27. Rd1 Bc4 28. Rd6 Kg8 29. Kf2 Bb5 30. Ke3 Rc6 31. Rd8+ Kf7 32. Rd7+ Kf8 33. Ra7 Rc8 34. g3 Rd8 35. Bd4 Rd7 36. Ra8+ Kf7 37. Rc8 Rb7 38. Rc5 Rd7 39. Rc2 Rb7 40. Rd2 Rd7 41. Rc2 g6 42. Rc1 Rb7 43. Bc3 Rd7 44. Kf2 Rc7 45. Rd1 Rd7 46. Rc1 Rc7 47. Kg2 Ke6 48. Kh3 Be2 49. Kh4 h6 50. Rc2 Bd3 51. Rd2 Rd7 52. h3 Bb1 53. Rf2 Rd1 54. Rh2 Be4 55. g4 fxg4 56. hxg4 Rh1 57. Rxh1 Bxh1 58. Kg3 Be4 59. Kf2 h5 60. gxh5 gxh5 61. Ke3 Bf5 62. Be1 Bg4 63. Kd4 Bh3 64. Kc5 Bf1 65. Kd4 Bh3 66. Ke3 Bf5 67. Kf3 h4 68. Bxh4 Bh3 69. Ke3 Bf5 70. Kd4 Bh3 71. Bf2 Bg4 72. Be3 Bh3 73. Kc5 Bg4 74. Kb6 Be2 75. Ka5 Bb5 76. b4 Bf1 77. Bd4 Bb5 78. Kb6 Bf1 79. Kc5 Bb5 80. f5+ Kxf5 81. Kd5 Bc4+ 82. Kxc4 1-0


[Site "https://www.chess.com"]

[Event "Titled Tuesday Blitz May 31 Late 2022"]
[White "Blackman, Justin"]
[Black "Karttunen, Mika"]
[WhiteFideId "11100516"]
[BlackFideId "502081"]
[WhiteElo "2112"]
[BlackElo "2343"]
[Result "1/2-1/2"]
[Round "07"]
[TimeControl "180+1"]
[Date "2022.06.01"]
[WhiteClock "0:00:36"]
[BlackClock "0:00:14"]

1. e4 e5 2. Nf3 Nc6 3. Bb5 a6 4. Ba4 Nf6 5. Qe2 b5 6. Bb3 Be7 7. O-O O-O 8. a4 b4 9. a5 d6 10. d3 Bg4 11. Be3 Nd4 12. Bxd4 exd4 13. Nbd2 c5 14. h3 Bd7 15. e5 dxe5 16. Nxe5 Bb5 17. Rfe1 Ra7 18. Ndc4 Nd5 19. Qf3 Bf6 20. Ng4 Bg5 21. g3 h5 22. Nge5 g6 23. h4 Bh6 24. Nb6 Nxb6 25. axb6 Qxb6 26. Qd5 Kh7 27. Nc4 Bxc4 28. Bxc4 Bg7 29. b3 a5 30. Re4 Bf6 31. Re2 Rd8 32. Qf3 Kg7 33. Rae1 Qd6 34. Re8 Rxe8 35. Rxe8 Re7 36. Ra8 Qc7 37. Qd5 Re5 38. Qf3 Rf5 39. Qe4 Re5 40. Qf3 Re7 41. Ra6 Qe5 42. Kg2 Rc7 43. Rxa5 Re7 44. Ra6 Rc7 45. Rb6 Re7 46. Ra6 Rc7 47. Rc6 Rxc6 48. Qxc6 Qe7 49. Qd5 Be5 50. Kf3 Bd6 51. Qe4 Qf6+ 52. Kg2 Qe5 53. Qxe5+ Bxe5 54. Kf3 f5 1/2-1/2


[Site "https://www.chess.com"]

[Event "Titled Tuesday Blitz May 31 Late 2022"]
[White "Bryakin, Mikhail"]
[Black "Plazuelo Pascual, Juan"]
[WhiteFideId "4165314"]
[BlackFideId "32059566"]
[WhiteElo "2417"]
[BlackElo "2359"]
[Result "1/2-1/2"]
[Round "07"]
[TimeControl "180+1"]
[Date "2022.06.01"]
[WhiteClock "0:00:34"]
[BlackClock "0:00:06"]

1. e4 e6 2. d3 d5 3. Nd2 Nf6 4. Ngf3 b6 5. g3 Bb7 6. e5 Nfd7 7. Bg2 c5 8. O-O Nc6 9. Re1 Qc7 10. Qe2 h6 11. c3 g5 12. h3 h5 13. g4 hxg4 14. hxg4 Bg7 15. d4 cxd4 16. cxd4 Nb4 17. Nf1 Ba6 18. Qd1 Nc2 19. Bxg5 Nxa1 20. Qxa1 Bh6 21. Rc1 Qb7 22. Ne3 Rc8 23. b3 Bd3 24. Bxh6 Rxh6 25. Nd2 Rh8 26. Rc3 Bg6 27. Qc1 Ke7 28. Qa3+ Ke8 29. Qc1 Ke7 30. Qa3+ Ke8 31. Rxc8+ Qxc8 32. Qxa7 Kf8 33. Qa3+ Kg7 34. Qe7 Qd8 35. Qd6 Nb8 36. Qxd8 Rxd8 37. f4 Bd3 38. f5 Nc6 39. f6+ Kg6 40. Nf3 Be4 41. Kf2 Bxf3 42. Kxf3 Nxd4+ 43. Kf4 Ne2+ 44. Kf3 Nd4+ 45. Kf4 Ne2+ 46. Kf3 Nc3 47. Bf1 Kg5 48. a4 d4 49. Nc4 d3 50. Ke3 Nd5+ 51. Kxd3 Nxf6+ 52. Kc3 Nd5+ 53. Kd4 Kxg4 54. Nd6 f5 55. Be2+ Kg3 56. Bc4 f4 57. Bxd5 exd5 58. Kxd5 f3 59. Kc6 f2 60. Ne4+ Kf4 61. Nxf2 Kxe5 62. b4 Kd4 63. Kb5 Kc3 64. Ne4+ Kb3 65. Nf6 Rd4 66. Kxb6 Rxb4+ 67. Kc5 Rxa4 68. Nd5 Ra5+ 69. Kd4 Ra1 70. Ke5 Re1+ 71. Kd4 Rd1+ 72. Ke5 Kc4 73. Ne3+ Kd3 74. Nxd1 1/2-1/2


[Site "https://www.chess.com"]

[Event "Titled Tuesday Blitz May 31 Late 2022"]
[White "Christiansen, Johan-Sebastian"]
[Black "Bluebaum, Matthias"]
[WhiteFideId "1512668"]
[BlackFideId "24651516"]
[WhiteElo "2513"]
[BlackElo "2556"]
[Result "1/2-1/2"]
[Round "07"]
[TimeControl "180+1"]
[Date "2022.05.31"]
[WhiteClock "0:00:21"]
[BlackClock "0:00:46"]

1. e4 e5 2. Nf3 Nf6 3. Nc3 Nc6 4. a3 d5 5. Bb5 d4 6. Ne2 Bd6 7. c3 O-O 8. cxd4 Nxd4 9. Nexd4 exd4 10. d3 c5 11. Bc4 b5 12. Ba2 Bb7 13. O-O Nd7 14. Bg5 Qb6 15. Rc1 Rae8 16. Re1 Kh8 17. Bh4 Ne5 18. Nxe5 Bxe5 19. Bg3 Bxg3 20. hxg3 c4 21. dxc4 bxc4 22. Rxc4 Qxb2 23. Re2 Qxa3 24. Rxd4 Rxe4 25. Rexe4 Bxe4 26. Rxe4 Qxa2 27. Ra4 Qe6 28. Rxa7 h6 29. Ra3 1/2-1/2


[Site "https://www.chess.com"]

[Event "Titled Tuesday Blitz May 31 Late 2022"]
[White "Cruz Mendez, Jean Marco"]
[Black "Proudian, Armen"]
[WhiteFideId "3526402"]
[BlackFideId "2130734"]
[WhiteElo "2064"]
[BlackElo "2380"]
[Result "0-1"]
[Round "07"]
[TimeControl "180+1"]
[Date "2022.06.01"]
[WhiteClock "0:00:25"]
[BlackClock "0:00:04"]

1. Nf3 Nf6 2. c4 e6 3. Nc3 d5 4. d4 Bb4 5. Qa4+ Nc6 6. e3 O-O 7. Bd2 Re8 8. Be2 a6 9. cxd5 exd5 10. O-O Bd6 11. Qc2 Ne7 12. Bd3 Ng6 13. h3 c6 14. Rab1 a5 15. a3 Be6 16. b4 axb4 17. axb4 b5 18. Na2 Bd7 19. Nc1 Ne4 20. Be1 Qf6 21. Nb3 Bxh3 22. Rc1 Bd7 23. Nc5 Bxc5 24. dxc5 Ne5 25. Nd4 Ng4 26. Bxe4 Rxe4 27. Bc3 Rxd4 28. Bxd4 Qh4 29. Rfd1 Qh2+ 30. Kf1 Qh1+ 31. Ke2 Qxg2 32. Rf1 Nh2 33. Rg1 Bg4+ 34. Kd3 Bf5+ 35. Kc3 Qf3 36. Rxg7+ Kf8 37. Qd2 Qe4 38. Rcg1 Nf3 39. Bf6 Ra3+ 40. Kb2 Ke8 41. Rg8+ Kd7 42. Rd8+ Kc7 43. Kxa3 Nxd2 44. Rgg8 Qd3+ 45. Ka2 Qb3+ 46. Ka1 Qb1# 0-1


[Site "https://www.chess.com"]